 Dungeon Crawl Stone Soup version 0.27-a0-1416-g941b2bd30b (webtiles) character file.

Game seed: 2323215672904834609

602 pyrow613 the Twirler (level 6, -4/53 HPs)
             Began as a Demigod Gladiator on July 1, 2021.
             Slain by an orc warrior (7 damage)
             ... on level 5 of the Dungeon.
             The game lasted 00:06:38 (4898 turns).

pyrow613 the Twirler (Demigod Gladiator)            Turns: 4898, Time: 00:06:39

Health: -4/53      AC: 10    Str: 23    XL:     6   Next: 97%
Magic:  8/8        EV: 12    Int: 10    God:
Gold:   162        SH:  0    Dex: 15    Spells: 5/5 levels left

rFire    . . .     SeeInvis .   m - +2 quarterstaff (chaos)
rCold    . . .     Faith    .   (shield currently unavailable)
rNeg     . . .     Spirit   .   h - +2 ring mail {rPois}
rPois    +         Reflect  .   c - +0 helmet
rElec    .         Harm     .   e - +0 cloak
rCorr    .         Rampage  .   u - +0 pair of gloves
Will     .....                  (no boots)
Stlth    +.........             (no amulet)
HPRegen  0.17/turn              (no ring)
MPRegen  0.11/turn              (no ring)

@: no status effects
A: high mp 1, forlorn
a: no special abilities


You were on level 5 of the Dungeon.
You visited 1 branch of the dungeon, and saw 5 of its levels.

You collected 162 gold pieces.

Inventory:

Hand Weapons
 a - a +0 quarterstaff
 m - a +2 quarterstaff of chaos (weapon)
Missiles
 d - 3 throwing nets (quivered)
 n - 9 javelins
 p - 9 poisoned darts
Armour
 c - a +0 helmet (worn)
 e - a +0 cloak (worn)
 h - a +2 ring mail of poison resistance (worn)
 u - a +0 pair of gloves (worn)
Jewellery
 r - an amulet of reflection
Scrolls
 b - 4 scrolls of identify {unknown}
 g - a scroll of teleportation
 j - 2 scrolls of enchant armour {unknown}
 o - a scroll of fear {unknown}
 q - a scroll of vulnerability {unknown}
 s - a scroll of brand weapon {unknown}
 v - 4 scrolls of noise {unknown}
Potions
 f - a potion of curing {unknown}
 i - 3 potions of haste {unknown}
 k - a potion of degeneration {unknown}
 l - a potion of attraction {unknown}
 t - a potion of heal wounds {unknown}


   Skills:
 + Level 4.3 Fighting
 * Level 6.4 Staves
 - Level 1.7 Throwing
 - Level 2.6 Dodging


You had 5 spell levels left.
You didn't know any spells.
Your spell library contained the following spells:

 Spells                   Type           Power      Damage    Failure   Level
 Summon Small Mammal      Summ           0%         N/A       52%         1
 Passwall                 Tmut/Erth      0%         N/A       67%         2
 Call Canine Familiar     Summ           0%         N/A       88%         3
 Stone Arrow              Conj/Erth      0%         3d7       88%         3
 Summon Guardian Golem    Hex/Summ       0%         N/A       88%         3
 Swiftness                Air            0%         N/A       88%         3
 Animate Armour           Summ/Erth      0%         N/A       99%         4
 Invisibility             Hex            0%         N/A       100%        6
 Lehudib's Crystal Spear  Conj/Erth      0%         10d2      100%        8


Dungeon Overview and Level Annotations

Branches:
Dungeon (5/15)
 Temple: D:4-7

Shops:
D:3 =


Innate Abilities, Weirdness & Mutations

Your attributes grow dramatically as you level up.
You have an increased reservoir of magic. (+10% MP)
You shall have no god before yourself.


Message History

The scorpion is moderately wounded.
The scorpion closely misses you.
You sock the scorpion!
The scorpion is severely wounded.
The scorpion stings you.
You hit the scorpion. You burn the scorpion.
The scorpion is almost dead.
You kill the scorpion!
You barely miss the orc. The orc hits you with a +0 short sword.
You sock the orc! You freeze the orc.
You kill the orc!
You hit the orc warrior. You burn the orc warrior.
The orc warrior is lightly wounded.
The orc warrior hits you with a +0 hand axe.
You hit the orc warrior but do no damage.
The orc warrior seems to speed up.
The orc warrior is lightly wounded.
The orc warrior barely misses you.
The orc warrior hits you with a +0 hand axe.
You hit the orc warrior.
The orc warrior flickers and vanishes!
Deactivating autopickup; reactivate with Ctrl-A.
Something hits you but does no damage.
You sock something! You burn something. Something hits you. x2
You barely miss something. Something hits you!
You are too injured to fight recklessly!
You are too injured to fight recklessly!
You are too injured to fight recklessly!
Your ring mail prevents you from hitting something.
Something barely misses you. Something hits you.
* * * LOW HITPOINT WARNING * * *
You hit something.
Nothing appears to happen.
Something hits you.
* * * LOW HITPOINT WARNING * * *
You closely miss something. Something hits you!
* * * LOW HITPOINT WARNING * * *
You miss something. Something hits you but does no damage.
You hit something but do no damage. Something hits you.
* * * LOW HITPOINT WARNING * * *
Something hits you but does no damage.
You hit something but do no damage. Something hits you!
You die...

#.... #.# .... #.#
...## #.# ...# #.#.#
..# #.#.# # #.# #.#.#
#.##.############.#.#
#....o{@..(.......#.#
####.############.#.#
#.....s..o. #.#.####
#.......... #......+
#.....o.<.. ###.####
#.......o.. #.#
#.......... #.####
#.......... #.....
#.......... ######


You could see an orc.

Vanquished Creatures
  Grinder (D:3)
  2 scorpions
  2 hounds (D:4)
  Crazy Yiuf (D:2)
  An orc wizard (D:4)
  4 gnolls (D:2)
  4 adders
  An adder skeleton (D:4)
  2 worms (D:3)
  4 dart slugs
  6 orcs
  10 ball pythons
  6 bats
  5 endoplasms
  9 goblins
  4 hobgoblins
  12 jackals
  5 kobolds
  5 quokkas
  2 frilled lizards (D:2)
  3 rats
89 creatures vanquished.

Notes
Turn   | Place    | Note
-------+----------+-------------------------------------------
     0 | D:1      | pyrow613 the Demigod Gladiator began the quest for the Orb.
     0 | D:1      | Reached XP level 1. HP: 17/17 MP: 3/3
    91 | D:1      | Reached skill level 3 in Staves
   295 | D:1      | Reached XP level 2. HP: 23/24 MP: 4/4
  1227 | D:2      | Reached XP level 3. HP: 30/30 MP: 5/5
  1356 | D:2      | HP: 1/30 [gnoll (4)]
  1358 | D:2      | Reached skill level 4 in Staves
  1812 | D:2      | Found a runed translucent door.
  1813 | D:2      | Noticed Crazy Yiuf
  1834 | D:2      | Reached XP level 4. HP: 31/37 MP: 6/6
  1888 | D:2      | Killed Crazy Yiuf
  2416 | D:3      | Found Wegrah's Jewellery Emporium.
  2546 | D:3      | Noticed Grinder
  2549 | D:3      | Paralysed by Grinder for 4 turns
  2558 | D:3      | Killed Grinder
  2559 | D:3      | Reached skill level 5 in Staves
  2559 | D:3      | Reached XP level 5. HP: 19/46 MP: 7/7
  2559 | D:3      | Reached XP level 6. HP: 22/52 MP: 8/8
  3709 | D:4      | Reached skill level 6 in Staves
  4837 | D:5      | Entered Level 5 of the Dungeon
  4898 | D:5      | Slain by an orc warrior

Illustrated notes

Levels and vault maps discovered:
D:1:      dpeg_arrival_rooms_with_view, layout_loops_ring,
          ebering_ecumenical_altar_mist, kennysheep_doodads
D:2:      layout_rooms, basic_altar, uniq_crazy_yiuf_cottage
D:3:      layout_loops_cross, serial_shops, shop, uniq_grinder
D:4:      layout_layer_cave, kennysheep_cross_bottleneck, chequers_big_river
D:5:      layout_basic

Skill      XL: |  1  2  3  4  5  6 |
---------------+-------------------+-----
Staves         | 3 4 5 6 |  6.4
Fighting       | 2 3 4 |  4.3
Throwing       | |  1.7
Dodging        | |  2.6

Action                   |  1- 3 |  4- 6 || total
-------------------------+-------+-------++-------
Melee: Quarterstaff      |   119 |   161 ||   280
  Use: Scroll            |     1 |       ||     1
       Potion            |     1 |       ||     1
 Stab: Paralysed         |       |     1 ||     1
Armor: Leather armour    |    27 |       ||    27
       Ring mail         |    40 |    65 ||   105
Dodge: Dodged            |   107 |    91 ||   198

Table legend: (Time is in decaauts)
 A = Elapsed time spent in this place.
 B = Non-inter-level travel time spent in this place.
 C = Inter-level travel time spent in this place.
 D = Time resting spent in this place.
 E = Time spent auto-exploring this place.
 F = Levels seen in this place.
 G = Mean time per level.
                   A        B        C        D        E       F      G
               +--------+--------+--------+--------+--------+-----+--------+
         Total |   4936 |   4800 |    136 |    805 |   3281 |   5 |  987.2 |
       Dungeon |   4936 |   4800 |    136 |    805 |   3281 |   5 |  987.2 |
               +--------+--------+--------+--------+--------+-----+--------+

Top non-repeatable levels by time:
     D:4: 1468 daAuts
     D:2: 1187 daAuts
     D:1: 1112 daAuts
     D:3: 1107 daAuts
     D:5: 60 daAuts
